Cogmind - Beta 13 @@@ ROGUE MODE // 2024.03.31 @ 20:16:31 Player: Kat Result: Self-destructed Performance ------------- Evolutions (2) 1000 Regions Visited (3) 600 Robots Destroyed (34) 170 Value Destroyed (986) 986 Prototype IDs (2) 40 Alien Tech Used (0) 0 Bonus (0) 0 TOTAL SCORE: 2796 Bonus ------- None Cogmind --------- Core Integrity 286/550 Matter 438/450 Energy 445/445 System Corruption 0% Temperature Cool (0) Movement Rolling (95) Ox1 Location -8/Materials Parts ------- > --- POWER (2) -------- Improved Ion Engine Cooled Ion Engine > --- PROPULSION (3) --- Wheel Wheel Wheel > --- UTILITY (3) ------ Improved Heat Sink Large Storage Unit Compact Matter Pod > --- WEAPON (3) ------- Shock Rifle > --- INVENTORY (15) --- Cooled Ion Engine Cooled Ion Engine VSS Leg Small Storage Unit Large Matter Pod (150) Reactive Plating Beam Rifle Particle Gun Mini Grenade Launcher Peak State ------------ > --- POWER ------------ Improved Ion Engine Cooled Ion Engine > --- PROPULSION ------- VSS Leg > --- UTILITY ---------- Improved Heat Sink Large Storage Unit Compact Matter Pod > --- WEAPON ----------- Shock Rifle Heavy Laser Heavy Assault Rifle > --- INVENTORY -------- Cooled Ion Engine Cooled Ion Engine Wheel Small Storage Unit Large Matter Pod Reactive Plating Beam Rifle Particle Gun Mini Grenade Launcher [Rating: 25] Favorites ----------- Power Light Ion Engine Engine Light Ion Engine Propulsion Wheel Leg VSS Leg Wheel Wheel Utility Small Storage Unit Device High-powered Tractor Beam Storage Small Storage Unit Protection Reactive Plating Weapon Light Assault Rifle Energy Gun Medium Laser Ballistic Gun Light Assault Rifle Launcher Mini Grenade Launcher Build | -11 -10 -9 -8 ------- Run | Yrd Mat Mat Mat Slots Evolved 4 | . . 2 2 Power 1 | . . . 1 Propulsion 1 | . . 1 . Utility 1 | . . 1 . Weapon 1 | . . . 1 Parts Attached 44 | 6 6 12 20 Power 7 | 1 . 2 4 Engine 7 | 1 . 2 4 Core . | . . . . Reactor . | . . . . Propulsion 14 | 2 3 3 6 Treads . | . . . . Leg 1 | . . . 1 Wheel 13 | 2 3 3 5 Hover . | . . . . Flight . | . . . . Utility 9 | 1 1 3 4 Device 5 | . 1 2 2 Storage 3 | 1 . 1 1 Processor . | . . . . Hackware . | . . . . Protection 1 | . . . 1 Artifact . | . . . . Weapon 14 | 2 2 4 6 Energy Gun 9 | 2 1 2 4 Energy Cannon . | . . . . Ballistic Gun 4 | . 1 1 2 Ballistic Cannon . | . . . . Launcher 1 | . . 1 . Special Weapon . | . . . . Impact Weapon . | . . . . Slashing Weapon . | . . . . Piercing Weapon . | . . . . Special Melee Weapon . | . . . . Unidentified Prototypes . | . . . . Parts Lost 10 | . 2 2 6 Power . | . . . . Propulsion 3 | . . . 3 Utility 3 | . 1 2 . Weapon 4 | . 1 . 3 Highest Loss Streak 3 | . 1 1 3 To Critical Strikes . | . . . . Average Slot Usage (%) 89 | . 89 95 80 Engine 14 | . 14 11 17 Wheel 22 | . 21 33 11 Device 13 | . 11 18 7 Storage 13 | . 14 11 17 Energy Gun 14 | . 17 9 17 Ballistic Gun 9 | . 10 11 8 Naked Turns . | . . . . Heaviest Build 56 | 12 13 33 56 Greatest Support 36 | 26 26 36 36 Greatest Overweight (x) 15 | . 1 . 15 Average Overweight (x) . | . . . 3 Largest Inventory Capacity 15 | 8 8 15 15 Average Capacity 10 | 6 8 9 15 Most Carried 13 | 2 8 13 12 Average Carried 6 | . 2 7 8 Final Capacity 15 | 8 8 15 15 Final Carried 9 | . 8 8 9 Class Distribution -------------------- 70% | Mutant 12% | Gunner 8% | Scavenger-Gunner 4% | Scavenger-Tank Dominant Class ---------------- Mutant | -10/Materials Mutant | -9/Materials Gunner | -8/Materials Resources | -11 -10 -9 -8 ----------- Run | Yrd Mat Mat Mat Matter Collected 1094 | 226 266 140 462 Remotely 140 | . . 140 . Salvage Created 1339 | . 339 400 600 Parts 74 | . 26 22 26 Haulers Intercepted 1 | . . 1 . Recyclers Shooed . | . . . . Parts Field Recycled . | . . . . Retrieved Matter . | . . . . Parts Self-Destructed . | . . . . Prevented . | . . . . Kills | -11 -10 -9 -8 ------- Run | Yrd Mat Mat Mat Combat Hostiles Destroyed 24 | . 9 7 8 Guns 23 | . 9 7 7 AOE 1 | . . . 1 Classes Destroyed 9 | . 4 3 2 Worker 3 | . . 1 2 Builder 3 | . 1 . 2 Tunneler 1 | . 1 . . Hauler 1 | . . 1 . Recycler 2 | . . . 2 Swarmer 3 | . 3 . . Grunt 17 | . 6 4 7 Duelist 1 | . . . 1 Sentry 3 | . . 3 . Best Kill Streak 5 | . 4 4 5 Combat Bots Only 3 | . 3 2 3 Max Kills in Single Turn 3 | . 2 3 3 Gunslinging . | . . . . Exploded 1 | . . . 1 Melee . | . . . . Uniques/NPCs Destroyed . | . . . . Combat | -11 -10 -9 -8 -------- Run | Yrd Mat Mat Mat Hostile Shots Fired 160 | . 43 39 78 Missed 47 | . 14 17 16 Damage Taken 1645 | . 265 335 1045 Core 342 | . 78 . 264 Absorbed by Shields . | . . . . Regen/Repaired (Parts) 51 | . 27 24 . Core Remaining (%) 89 | 100 68 100 . Volleys Fired 89 | . 36 20 33 Largest 3 | . 2 2 3 Hottest 144 | . 90 76 144 Shots Fired 195 | . 71 40 84 Gun 191 | . 71 36 84 Cannon . | . . . . Launcher 4 | . . 4 . Special . | . . . . Kinetic 80 | . 29 20 31 Thermal 80 | . 35 11 34 Explosive 4 | . . 4 . Electromagnetic 31 | . 7 5 19 Robot Hit Streak 13 | . 12 12 13 Robot Miss Streak 6 | . 6 2 4 Penetration Max . | . . . . Secondary Targets 8 | . 3 . 5 Max Gunslinging Chain 1 | . 1 . 1 Shots Hit Robots 119 | . 36 29 54 Core Hits 65 | . 18 16 31 Critical Kills . | . . . . Critical Parts Destroyed . | . . . . Critical Strikes 5 | . 2 2 1 Burn 5 | . 2 2 1 Melee Attacks . | . . . . Impact . | . . . . Slashing . | . . . . Piercing . | . . . . Sneak Attacks . | . . . . Combat Hostiles . | . . . . Follow-up Attacks . | . . . . Damage Inflicted 2136 | . 378 475 1283 Guns 1688 | . 378 344 966 Cannons . | . . . . Explosions 447 | . . 131 316 Melee . | . . . . Ramming 1 | . . . 1 Kinetic 641 | . 108 165 368 Thermal 1044 | . 235 116 693 Explosive 131 | . . 131 . Electromagnetic 319 | . 35 63 221 Impact . | . . . . Slashing . | . . . . Piercing . | . . . . Highest Corruption 1 | . 1 . . Average Corruption 1 | . 1 . . Corruption Purged . | . . . . Corruption Blocked . | . . . . Effects 1 | . 1 . . Matter Fused 1 | . 1 . . Overload Shots . | . . . . Overflow Damage 12 | . . . 12 Projectiles . | . . . . Explosions 12 | . . . 12 Melee . | . . . . Knockbacks . | . . . . Impact . | . . . . Kinetic . | . . . . Secondary . | . . . . Self-Inflicted Damage 18 | . . . 18 Shots 1 | . . . 1 Rammed 1 | . . . 1 Targets Rammed 1 | . . . 1 Kicked . | . . . . Crushed . | . . . . Highest Temperature 430 | . 150 115 430 Average Temperature 87 | . 46 36 151 Received Heat Transfer 729 | . 66 141 522 Effects 2 | . . . 2 Shutdowns 2 | . . . 2 Siege Activations . | . . . . Robots Corrupted . | . . . . Combat Hostiles . | . . . . Parts Fried . | . . . . Impact Corruptions . | . . . . Robots Melted . | . . . . Combat Hostiles . | . . . . Parts Melted 1 | . 1 . . Heat Transferred 2533 | . 851 444 1238 Parts Sabotaged . | . . . . Parts Stolen . | . . . . Parts Stripped . | . . . . Power Chain Reactions 3 | . . . 3 Alert | -11 -10 -9 -8 ------- Run | Yrd Mat Mat Mat Peak Influence 251 | . 193 251 132 Initial 65 | . . 65 42 Average 77 | . 80 78 77 Maximum Alert Level 1 | . . 1 . Low Security (%) 95 | 100 100 88 100 Level 1 4 | . . 11 . Level 2 . | . . . . Level 3 . | . . . . Level 4 . | . . . . Level 5 . | . . . . High Security . | . . . . Max Security . | . . . . Squads Dispatched 7 | . 3 2 2 Investigation 5 | . 2 2 1 Extermination . | . . . . Reinforcement 2 | . 1 . 1 Assault . | . . . . Garrison . | . . . . Intercept . | . . . . Searches Triggered . | . . . . Construction Impeded . | . . . . Haulers Reinforced . | . . . . Active Scanning Responses . | . . . . Cargo Convoy Interrupts . | . . . . Stealth | -11 -10 -9 -8 --------- Run | Yrd Mat Mat Mat Distress Signals 2 | . 2 . . Communications Jammed . | . . . . Distress Signals . | . . . . Times Spotted 42 | . 16 8 18 Peak Tracking Total 6 | . 4 2 6 Tactical Retreats 1 | . 1 . . Traps | -11 -10 -9 -8 ------- Run | Yrd Mat Mat Mat Traps Triggered 2 | . 1 1 . Indirectly . | . . . . Trap Hack Attempts . | . . . . Triggered . | . . . . Disarmed . | . . . . Reprogrammed 6 | . . 6 . Reused 1 | . . 1 . Traps Extracted . | . . . . Installed . | . . . . Triggered 1 | . . 1 . Machines | -11 -10 -9 -8 ---------- Run | Yrd Mat Mat Mat Machines Disabled 5 | . 2 3 . Max in Single Turn 2 | . 1 2 . Machines Repaired . | . . . . Machines Dismantled . | . . . . Machines Sabotaged . | . . . . Overloaded Fab Kills . | . . . . Hacking | -11 -10 -9 -8 --------- Run | Yrd Mat Mat Mat Machines Accessed 10 | . 4 5 1 Terminals 7 | . 3 3 1 Fabricators . | . . . . Repair Stations 2 | . 1 1 . Recycling Units . | . . . . Scanalyzers 1 | . . 1 . Garrison Access . | . . . . Total Hacks 37 | . 14 20 3 Successful 26 | . 11 12 3 Failed 11 | . 3 8 . Catastrophic 1 | . 1 . . Database Lockouts . | . . . . Manual 1 | . . 1 . Terminals 27 | . 10 14 3 Fabricators . | . . . . Repair Stations 6 | . 4 2 . Recycling Units . | . . . . Scanalyzers 4 | . . 4 . Garrison Access . | . . . . Terminal Hacks 18 | . 8 7 3 Record 8 | . 3 2 3 Prototype ID Bank 1 | . 1 . . Emergency Access Points 1 | . . 1 . Alert Level 1 | . 1 . . Reprogram Traps 2 | . . 2 . Maintenance Status 1 | . 1 . . Security Status 1 | . . 1 . Investigation Status 1 | . 1 . . Hauler Manifests 1 | . 1 . . Registered Components 1 | . . 1 . Fabricator Hacks . | . . . . Repair Station Hacks 5 | . 3 2 . Scan Component 2 | . 1 1 . Repair 2 | . 1 1 . Refit 1 | . 1 . . Recycling Unit Hacks . | . . . . Scanalyzer 3 | . . 3 . Insert Component 1 | . . 1 . Analyze 2 | . . 2 . Garrison Access Hacks . | . . . . Unauthorized Hacks . | . . . . Terminals . | . . . . Fabricators . | . . . . Repair Stations . | . . . . Recycling Units . | . . . . Scanalyzers . | . . . . Garrison Access . | . . . . Data Cores Recovered . | . . . . Used . | . . . . Hacking Detections 9 | . 3 5 1 Full Trace Events 3 | . 1 1 1 Feedback Events 1 | . 1 . . Corruption 1 | . 1 . . Feedback Blocked . | . . . . Robot Schematics Acquired . | . . . . Robots Built . | . . . . Authchips . | . . . . Time . | . . . . Total Robot Build Rating . | . . . . Part Schematics Acquired 1 | . . 1 . Parts Built . | . . . . Authchips . | . . . . Time . | . . . . Total Part Build Rating . | . . . . Parts Repaired 2 | . 1 1 . Time 58 | . 26 32 . Parts Recycled . | . . . . Recycled Matter . | . . . . Retrieved Matter . | . . . . Retrieved Components . | . . . . Parts Scanalyzed 1 | . . 1 . Part Schematics Acquired 1 | . . 1 . Parts Damaged . | . . . . Bothacking | -11 -10 -9 -8 ------------ Run | Yrd Mat Mat Mat Used RIF Installer . | . . . . Robots Hacked . | . . . . Non-combat . | . . . . Combat . | . . . . Robot Hacks Applied . | . . . . Relay Couplers Released . | . . . . Fabnet Peak Effective % . | . . . . Robots Rewired . | . . . . Allies Hacked . | . . . . Hacks Repelled . | . . . . Allies | -11 -10 -9 -8 -------- Run | Yrd Mat Mat Mat Total Allies . | . . . . Largest Group . | . . . . Highest-Rated Group . | . . . . Highest-Rated Ally . | . . . . Total Orders . | . . . . Ally Attacks . | . . . . Total Damage . | . . . . Kills . | . . . . Allies Corrupted . | . . . . Allies Melted . | . . . . Intel | -11 -10 -9 -8 ------- Run | Yrd Mat Mat Mat Robot Analysis Total . | . . . . Derelict Logs Recovered . | . . . . Drone Launches . | . . . . Drone Recoveries . | . . . . Exploration | -11 -10 -9 -8 ------------- Run | Yrd Mat Mat Mat Turns Passed 2256 | 41 738 813 664 Spaces Moved 1016 | 35 437 313 231 Core 19 | 4 . . 15 Treads . | . . . . Legs . | . . . . Wheels 997 | 31 437 313 216 Hover . | . . . . Flight . | . . . . Fastest Speed 50 | 50 90 86 86 Average Speed 106 | 85 91 86 163 Slowest Speed 800 | 90 95 86 800 Overloaded Moves . | . . . . Propulsion Burnouts . | . . . . Robots Hopped . | . . . . Cave-ins Triggered . | . . . . Exploration Rate (%) 26 | 4 46 35 21 Regions Visited 3 Branch Regions . Pre-discovered Areas . | . . . . Known Exits Taken . | . . . . Unknown Exits Taken 3 | 1 1 1 . Scrap Searched . | . . . . Spaces Dug . | . . . . Terrain Destroyed 37 | . 18 8 11 Melee . | . . . . Projectile . | . . . . AOE 37 | . 18 8 11 Terrain Rammed . | . . . . Walls Destroyed . | . . . . Machines Disabled . | . . . . Actions | -11 -10 -9 -8 --------- Run | Yrd Mat Mat Mat Total 2008 | 46 706 817 439 Wait 806 | . 217 457 132 Move 1013 | 34 436 312 231 Hop . | . . . . Pick Up 41 | 6 10 10 15 Fast Attach . | . . . . Attach 22 | 6 3 4 9 Detach 2 | . 1 . 1 Swap 22 | . 3 8 11 Drop 12 | . . 6 6 Fire 89 | . 36 20 33 Melee . | . . . . Ram 1 | . . . 1 Kick . | . . . . Crush . | . . . . Escape Stasis . | . . . . Rewire . | . . . . Trap . | . . . . Miscellaneous . | . . . . Route ------- -11/Scrapyard -10/Materials -9/Materials -8/Materials History --------- Turn | Location | Event 23 | -11/Scrapyard | Discovered new exit (range 15) 42 | -11/Scrapyard | Entered Materials 315 | -10/Materials | Build established: Mutant 375 | -10/Materials | Repaired Wheel 772 | -10/Materials | Discovered new exit (range 5) 780 | -10/Materials | Entered another Materials area 780 | -9/Materials | Evolved 2 slots: Propulsion x1, Utility x1 1486 | -9/Materials | Repaired Beam Rifle 1586 | -9/Materials | Discovered new exit (range 8) 1593 | -9/Materials | Entered another Materials area 1593 | -8/Materials | Evolved 2 slots: Power x1, Weapon x1 1732 | -8/Materials | Lost 3 parts (2n1w) 2257 | -8/Materials | Self-destructed Last Messages --------------- 02180_ U-05 Engineer lays Concrete. 02187_ Acquired Wheel. 02187_ R-06 Scavenger collects Corrupted Com. Wheel. 02192_ R-06 Scavenger destroyed. 02192_ K-01 Serf destroyed. 02192_ K-01 Serf collects debris. 02199_ Acquired Wheel. 02205_ Acquired Corrupted Com. Wheel. 02206_ Dropped Corrupted Com. Wheel. 02216_ K-01 Serf collects debris. 02217_ Acquired Wheel. 02218_ Acquired 20 matter. 02220_ Acquired 3 matter. 02220_ K-01 Serf collects debris. 02229_ ALERT: Suspicious intruders detected, dispatching Specialist reinforcements to area. 02238_ T-07 Excavator is excavating. 02252_ Hvy. Laser destroyed. 02254_ G-47 Trooper destroyed. 02255_ U-05 Engineer lays Concrete. Map ----- +----------------------------------------------------+ | ???????????????# #???? ???????????????????????? | | ???????????????# #???? ???????????????????????? | | ??? ?????????# #????###???###????????????????? | | ??# ####### ######## #????????????????? | | ? #????????????????? | | ? T ?????????????????? | | ? #????????????????? | | ??# ############/######## #????????????????? | | ?????????????# * #?????????????????????????? | | ?????????????# "" #?????????????????????????? | | ?????????????# """#?????????????????????????? | | ?????????????# """ S"#?????????????????????????? | | ?????????????# """ """#?????????????????????????? | | ?????????????# """ """#####?????????????????????? | | ?????????????# + #?????????????????????? | | ?????????????# ### #?????????????????????? | | ?????????????###########?# #?????????????????????? | | ?????????????????????????# #?????????????????????? | | ?????????????????????????#k#?????????????????????? | | ?????????????????????????# #?????????????????????? | | ?????????????????????????# #?????????????????????? | | ????????????????# ###### #?????????????????????? | | ????????????# #?????????????????????? | | ????????????????# #####sY#?????????????????????? | | ????????????????????????# #?????????????????????? | | ????????????????????????#@ #?????????????????????? | | ????????????????????????# l#?????????????????????? | | ????????????????????????# = ????????????????????? | | ????????????????????????# =%* ??????????????????? | | ????????????????????????# g ????????????????? | | ???????????????????????? [??????????????? | | ????????????????????????# ###+####?????????????? | | ????????????????????????##u##?? ???????????????? | | ????????????????????????? ???? #??????????????? | | ?????????????????????????###????? #??????????????? | | ??????????????????????????????????#??????????????? | | ?????????????????????????????????????????????????? | | ?????????????????????????????????????????????????? | | ?????????????????????????????????????????????????? | | ?????????????????????????????????????????????????? | | ?????????????????????????????????????????????????? | | ?????????????????????????????????????????????????? | | ?????????????????????????????????????????????????? | | ?????????????????????????????????????????????????? | | ?????????????????????????????????????????????????? | | ?????????????????????????????????????????????????? | | | | | | | | | +----------------------------------------------------+ Best States ------------- Heat Dissipation 45 Energy Generation 23 Energy Capacity 460 Matter Stores 450 Matter Capacity 450 Sight Range 16 Terrain Scan Range 14 Terrain Scan Density 10 Armor Coverage 150 Resistance: KI 20 Evasion (%) 42 Item Schematics ----------------- Mni. Grenade Launcher | -9/Materials | Scanalyzed Robot Schematics ------------------ None Fabricated ------------ Nothing Alien Tech Used ----------------- None Achievements -------------- None Challenges ------------ None Game ------ Seed LatentCannonFacilitator Manual? 0 Play Time 00:19:17 Cumulative 4.8 hours Start 2024.03.31 @ 19:54:13 End 2024.03.31 @ 20:16:31 Sessions 1 Manual Loads 0 Difficulty Rogue Special Mode None Game No. 18 Rogue 18 Adventurer 0 Explorer 0 Win Type - Total 0 Types 0/0/0/0/0/0/0/0/0 Lore% 3 Gallery% 14 Achievement% 13 Wizard Run 0 Options --------- Layout 0 ASCII 0 Keyboard 0 Movement Mouse Keybinds 0 Fullscreen 1 Font 18/SmallcapsGlow Map View 76x50 Zoom Use 0% Tactical HUD 1 Map Filters NONE Filters NONE Steam 1 RUN: 5308ff22-a29e-449c-b705-55ecea762a00